 Dungeon Crawl Stone Soup version 0.30-a0-540-g0af01429fa (webtiles) character file.

Game seed: 4870150448596882196

436 oldriver the Sneak (level 7, -7/58 (66) HPs)
             Began as a Naga Artificer on Dec 26, 2022.
             Splashed by a jelly's acid (9 damage)
             ... on level 4 of the Dungeon.
             The game lasted 00:05:15 (4282 turns).

oldriver the Sneak (Naga Artificer)                 Turns: 4282, Time: 00:05:16

HP:   -7/58 (66)    AC: -3    Str: 14    XL:     7   Next: 1%
MP:   7/7           EV:  9    Int: 12    God:
Gold: 194           SH:  0    Dex: 13    Spells: 6/6 levels left

rFire   . . .      SeeInvis +    t - +2 mace (drain)
rCold   . . .      Faith    .    (no shield)
rNeg    . . .      Spirit   .    b - +0 leather armour
rPois   +          Reflect  .    (no helmet)
rElec   .          Harm     .    (no cloak)
rCorr   .          Rampage  .    (no gloves)
Will    .....                    (no barding)
Stlth   +++                      (no amulet)
HPRegen 0.29/turn                (no ring)
MPRegen 0.10/turn                (no ring)

@: corroded, heavily drained, very slow
A: AC +2, large, see invisible, deformed body, poison resistance, slowness 2,
spit poison 1, naga tail 1
a: Spit Poison


You were on level 4 of the Dungeon.
You visited 1 branch of the dungeon, and saw 4 of its levels.

You collected 194 gold pieces.

Inventory:

Hand Weapons
 o - a +0 dagger
 r - a +1 whip of draining
 s - a +2 dagger of speed
 t - a +2 mace of draining (weapon)
Armour
 b - a +0 leather armour (worn)
Wands
 c - a wand of flame (10)
 d - a wand of charming (11)
 e - a wand of iceblast (2)
Scrolls
 f - 4 scrolls of identify {unknown}
 i - a scroll of vulnerability {unknown}
 l - a scroll of poison {unknown}
 m - 2 scrolls of blinking {unknown}
 n - a scroll of immolation {unknown}
 q - a scroll of noise {unknown}
 u - a scroll of torment {unknown}
 v - a scroll of enchant weapon {unknown}
Potions
 a - a potion of might {unknown}
 g - 3 potions of flight {unknown}
 h - 2 potions of lignification {unknown}
 j - 2 potions of resistance {unknown}
 k - a potion of attraction {unknown}
 p - a potion of mutation {unknown}


   Skills:
 + Level 4.9 Fighting
 - Level 1.5 Armour
 - Level 0.7 Dodging
 + Level 7.8 Stealth
 - Level 3.0 Evocations


You had 6 spell levels left.
You didn't know any spells.
Your spell library contained the following spells:

 Spells                   Type           Power      Damage    Failure   Level
 Blink                    Tloc           0%         N/A       52%         2
 Momentum Strike          Conj/Tloc      0%         3d8       52%         2
 Lesser Beckoning         Tloc           0%         N/A       77%         3


Dungeon Overview and Level Annotations

Branches:
Dungeon (4/15)
 Temple: D:4-7

Altars:
Gozag

Shops:
D:3 ?

Annotations:
D:3 1 runed translucent door, Crazy Yiuf


Innate Abilities, Weirdness & Mutations

Your serpentine skin is tough. (AC +2)
You have supernaturally acute eyesight. (SInv)
Armour fits poorly on your strangely shaped body.
Your system is resistant to poisons. (rPois)
You cover ground very slowly.
You can spit poison.
You have a snake-like lower body.


Message History

a +0 whip; a +0 leather armour; a gnoll corpse You start resting.
You have got your breath back.
You hear a distant slurping noise.
HP restored.
You see here a jackal skeleton.
A gnoll comes into view. It is wielding a +0 flail.
A gnoll is nearby!
A gnoll is nearby!
A gnoll is nearby!
A gnoll is nearby!
A jelly comes into view.
The splash of poison hits the jelly.
The jelly is lightly wounded.
The jelly quivers.
The jelly attacks as you move away! The jelly closely misses you.
The jelly attacks as you move away! The jelly hits you. The acid corrodes you!
You are splashed with acid!
The jelly hits you.
You are splashed with acid!
You have got your breath back.
You barely miss the jelly.
The jelly is lightly wounded.
The jelly closely misses you. The jelly hits you.
You are splashed with acid!
You hit the jelly but do no damage.
Your hands burn!
The jelly is lightly wounded.
The jelly closely misses you.
You hit the jelly but do no damage. The acid corrodes you!
Your hands burn!
The jelly is lightly wounded.
The jelly hits you.
You are splashed with acid!
* * * LOW HITPOINT WARNING * * *
You hit the jelly but do no damage.
Your hands burn!
* * * LOW HITPOINT WARNING * * *
The jelly is lightly wounded.
The jelly hits you.
* * * LOW HITPOINT WARNING * * *
You are splashed with acid.
* * * LOW HITPOINT WARNING * * *
The jelly hits you.
* * * LOW HITPOINT WARNING * * *
You are splashed with acid!
You die...

#.##.#.# #.# ... #.##.#.#
#.# ...# #.##.#.# #.#
...... #.....<#
#.##....##
#..#####..#.........
#.........#.#...).##
######.######.#g#.....###
#.............#J#........
#......########@#........
#......# #.#........
#.....†########.#.####...
#...............#.# ##
#...............#.#
#...............#.#
#####...........#)#
#...÷.......#)#
#...........#.#


You could see a jelly and a gnoll.

Vanquished Creatures
  Sigmund (D:2)
  A gnoll bouda (D:4)
  2 orc priests (D:3)
  Terence (D:2)
  5 adders
  2 worms (D:2)
  4 dart slugs
  9 orcs (D:3)
  10 endoplasms
  A giant cockroach (D:1)
  8 goblins
  A hobgoblin (D:3)
  6 jackals
  5 quokkas
  5 ball pythons
  6 bats
  9 kobolds
  10 rats
86 creatures vanquished.

Vanquished Creatures (collateral kills)
  2 gnolls (D:4)
  2 orcs (D:3)
4 creatures vanquished.

Vanquished Creatures (others)
  An orc priest (D:3)
1 creature vanquished.

Grand Total: 91 creatures vanquished

Notes
Turn   | Place    | Note
-------+----------+-------------------------------------------
     0 | D:1      | oldriver the Naga Artificer began the quest for the Orb.
     0 | D:1      | Reached XP level 1. HP: 18/18 MP: 1/1
    42 | D:1      | Reached skill level 2 in Stealth
    91 | D:1      | Reached XP level 2. HP: 24/25 MP: 2/2
   153 | D:1      | Found a faded altar of an unknown god.
   389 | D:1      | Reached skill level 3 in Stealth
   861 | D:1      | Reached XP level 3. HP: 31/32 MP: 3/3
  1392 | D:2      | Noticed Sigmund
  1396 | D:2      | Killed Sigmund
  1397 | D:2      | Reached skill level 6 in Stealth
  1397 | D:2      | Reached XP level 4. HP: 44/44 MP: 4/4
  1397 | D:2      | Reached XP level 5. HP: 50/50 MP: 5/5
  1660 | D:2      | Noticed Terence
  1668 | D:2      | Killed Terence
  1669 | D:2      | Reached XP level 6. HP: 57/57 MP: 6/6
  2374 | D:3      | Found an opulent altar of Gozag.
  2747 | D:3      | Found Jieq Ahodiod's Magic Scroll Shoppe.
  3022 | D:2      | Reached skill level 7 in Stealth
  3939 | D:3      | Found a runed translucent door.
  3940 | D:3      | Noticed Crazy Yiuf
  4178 | D:4      | Reached XP level 7. HP: 34/58 MP: 7/7
  4282 | D:4      | HP: 2/58 [jelly (1)]
  4282 | D:4      | Splashed by a jelly's acid

Illustrated notes

Levels and vault maps discovered:
D:1:      psy_arrival_radial02, layout_basic, basic_ecumenical_altar
D:2:      layout_loops_corners, uniq_sigmund, uniq_robin, uniq_terence
D:3:      minmay_skewed_foursquare, layout_rooms,
          nicolae_overflow_hidden_temple, serial_corexii_hall,
          corexii_hall_statues_t, corexii_hall_statues_u,
          corexii_hall_statues_deadend, serial_shops, nicolae_square_shop,
          minmay_misc_feat_four_crosses, uniq_crazy_yiuf_cottage
D:4:      layout_basic, mainiacjoe_overflow_catwalk_spiral,
          gammafunk_temple_overflow_wave, serial_shops, nicolae_shop_stone,
          lemuel_flame_loot_1

Skill      XL: |  1  2  3  4  5  6 |
---------------+-------------------+-----
Stealth        | 2 3 6 7 |  7.8
Fighting       | 2 3 4 |  4.9
Armour         | |  1.5
Dodging        | |  0.7
Evocations     | |  3.0

Action                   |  1- 3 |  4- 6 |  7- 9 || total
-------------------------+-------+-------+-------++-------
Melee: Club              |    62 |    38 |       ||   100
       Punch             |       |     3 |       ||     3
       Dagger            |       |    78 |       ||    78
       Whip              |       |    30 |       ||    30
       Mace              |       |    26 |     4 ||    30
 Abil: Spit Poison       |    20 |    57 |     1 ||    78
Evoke: Wand              |     3 |     9 |       ||    12
 Stab: Sleeping          |       |     1 |       ||     1
Armor: Leather armour    |    22 |    55 |       ||    77
Dodge: Dodged            |    51 |    95 |     3 ||   149

Table legend: (Time is in decaauts)
 A = Elapsed time spent in this place.
 B = Non-inter-level travel time spent in this place.
 C = Inter-level travel time spent in this place.
 D = Time resting spent in this place.
 E = Time spent auto-exploring this place.
 F = Levels seen in this place.
 G = Mean time per level.
                   A        B        C        D        E       F      G
               +--------+--------+--------+--------+--------+-----+--------+
         Total |   5389 |   5223 |    166 |    614 |   3470 |   4 | 1347.2 |
       Dungeon |   5389 |   5223 |    166 |    614 |   3470 |   4 | 1347.2 |
               +--------+--------+--------+--------+--------+-----+--------+

Top non-repeatable levels by time:
     D:1: 1821 daAuts
     D:2: 1673 daAuts
     D:3: 1622 daAuts
     D:4: 272 daAuts
